 Dungeon Crawl Stone Soup version 0.28.0-43-g3370ac3207 (webtiles) character file.

Game seed: 1448670115551512676

56 RascalDebosk the Chopper (level 3, -1/34 HPs)
             Began as a Hill Orc Fighter on Mar 5, 2022.
             Slain by an adder (2 damage)
             ... on level 2 of the Dungeon.
             The game lasted 00:10:45 (1069 turns).

RascalDebosk the Chopper (Hill Orc Fighter)         Turns: 1069, Time: 00:10:45

Health: -1/34      AC:  6    Str: 20    XL:     3   Next: 97%
Magic:  3/3        EV:  9    Int:  8    God:
Gold:   28         SH:  4    Dex: 10    Spells: 2/2 levels left

rFire   . . .      SeeInvis .   a - +0 war axe
rCold   . . .      Faith    .   c - +0 buckler
rNeg    . . .      Spirit   .   b - +0 scale mail
rPois   .          Reflect  .   (no helmet)
rElec   .          Harm     .   (no cloak)
rCorr   .          Rampage  .   (no gloves)
Will    .....                   (no boots)
Stlth   ..........              e - amulet of the acrobat
HPRegen 0.11/turn               (no ring)
MPRegen 0.08/turn               (no ring)

@: no status effects
A: no striking features
a: no special abilities


You were on level 2 of the Dungeon.
You visited 1 branch of the dungeon, and saw 2 of its levels.

You collected 28 gold pieces.

Inventory:

Hand Weapons
 a - a +0 war axe (weapon)
Missiles
 f - 9 poisoned darts (quivered)
 i - 32 stones
Armour
 b - a +0 scale mail (worn)
 c - a +0 buckler (worn)
Jewellery
 e - an amulet of the acrobat (around neck)
 g - an amulet of guardian spirit
Scrolls
 j - 3 scrolls of identify {unknown}
Potions
 d - a potion of might
 h - a potion of mutation {unknown}


   Skills:
 + Level 4.4 Fighting
 * Level 4.8 Axes
 - Level 3.2 Armour
 - Level 3.2 Shields


You had 2 spell levels left.
You didn't know any spells.
Your spell library contained the following spells:

 Spells                   Type           Power      Damage    Failure   Level
 Animate Skeleton         Necr           0%         N/A       85%         1
 Pain                     Necr           0%         1d4       85%         1
 Vampiric Draining        Necr           0%         2d6       99%         3


Dungeon Overview and Level Annotations

Branches:
Dungeon (2/15)

Altars:


Message History

The adder bites you but does no damage.
You barely miss the adder.
The adder is almost dead.
You feel sick. The adder barely misses you. The adder closely misses you.
You closely miss the adder.
The adder is almost dead.
You feel sick. The adder barely misses you.
You barely miss the adder.
The adder is almost dead.
You feel sick. The adder barely misses you. You block the adder's attack.
You barely miss the adder.
The adder is almost dead.
You feel sick.
You are no longer poisoned.
The adder bites you.
* * * LOW HITPOINT WARNING * * *
The adder barely misses you.
Welcome back, RascalDebosk the Hill Orc Fighter.
Press ? for a list of commands and other information.
You miss the adder.
The adder is severely wounded.
The adder closely misses you.
You barely miss the adder.
The adder is severely wounded.
The adder bites you but does no damage. x2
You closely miss the adder.
The adder is severely wounded.
The adder bites you but does no damage.
You completely miss the adder.
The adder is severely wounded.
The adder closely misses you. x2
You barely miss the adder.
The adder is severely wounded.
The adder bites you.
* * * LOW HITPOINT WARNING * * *
You block the adder's attack.
You closely miss the adder.
The adder is severely wounded.
The adder misses you. The adder bites you.
You die...

## # ###.#
.###.....
##........ ##
##...#.#.#
....#..@....#
#.....S..##
#####.######.
#).>.....
#.####### .##
##'## ..#
##...## #.#
##.....## #.#
##.......##
##.##


You could see an adder.

Vanquished Creatures
  2 adders (D:2)
  A dart slug (D:1)
  4 endoplasms (D:1)
  3 giant cockroaches
  8 goblins
  2 hobgoblins
  2 jackals (D:1)
  A kobold (D:1)
  2 quokkas (D:1)
  4 bats (D:1)
  3 frilled lizards
32 creatures vanquished.

Notes
Turn   | Place    | Note
-------+----------+-------------------------------------------
     0 | D:1      | RascalDebosk the Hill Orc Fighter began the quest for the
                  | Orb.
     0 | D:1      | Reached XP level 1. HP: 19/19 MP: 1/1
    36 | D:1      | Reached XP level 2. HP: 13/27 MP: 2/2
   449 | D:1      | Reached XP level 3. HP: 33/33 MP: 3/3
  1068 | D:2      | HP: 1/34 [adder (2)]
  1069 | D:2      | Slain by an adder

Illustrated notes

Levels and vault maps discovered:
D:1:      minmay_arrival_five_plusses, layout_rooms
D:2:      layout_loops_corners, ebering_ecumenical_altar_rust

Skill      XL: |  1  2 |
---------------+-------+-----
Axes           | 3 4 |  4.8
Fighting       | 4 |  4.4
Armour         | |  3.2
Shields        | |  3.2

Action                   || total
-------------------------++-------
Melee: War axe           ||   114
Armor: Scale mail        ||    46
Dodge: Dodged            ||    98
Block: Buckler           ||    30
